 Dungeon Crawl Stone Soup version 0.23-a0-636-g0ff6057 (webtiles) character file.

455 Firecrotchwizard the Poker (level 6, 0/53 HPs)
             Began as a Centaur Gladiator on Dec 29, 2018.
             Killed from afar by an orc wizard (8 damage)
             ... with a magic dart
             ... on level 4 of the Dungeon.
             The game lasted 00:06:55 (3971 turns).

Firecrotchwizard the Poker (Centaur Gladiator)      Turns: 3971, Time: 00:06:55

Health: 0/53       AC:  7    Str: 19    XL:     6   Next: 76%
Magic:  6/6        EV:  9    Int:  7    God:
Gold:   156        SH:  0    Dex: 10    Spells: 5/5 levels left

rFire    . . .     SeeInvis .   a - +0 trident
rCold    . . .     Gourm    .   (no shield)
rNeg     . . .     Faith    .   u - +0 ring mail
rPois    .         Spirit   .   c - +0 helmet
rElec    .         Reflect  .   w - +0 cloak
rCorr    .         Harm     .   (no gloves)
MR       .....                  (no barding)
Stlth    ..........             (no amulet)
HPRegen  0.17/turn              (no ring)
MPRegen  0.10/turn              (no ring)

@: lethally poisoned (0 -> -3), hasted, very quick
A: large, hooves 3, deformed body, speed 2, tough skin 3
a: no special abilities


You were on level 4 of the Dungeon.
You were not hungry.

You visited 1 branch of the dungeon, and saw 4 of its levels.

You collected 156 gold pieces.

Inventory:

Hand Weapons
 a - a +0 trident (weapon)
Missiles
 d - 3 throwing nets {=f, !d}
Armour
 b - a +0 leather armour
 c - a +0 helmet (worn)
 q - a +0 plate armour
   (You found it on level 1 of the Dungeon)
 u - a +0 ring mail (worn)
   (You found it on level 4 of the Dungeon)
 w - a +0 cloak (worn)
   (You found it on level 3 of the Dungeon)
Jewellery
 o - an uncursed ring of fire {rF+, rC-}
   (You found it on level 1 of the Dungeon)
 z - an uncursed amulet of magic regeneration {unknown}
   (You found it on level 4 of the Dungeon)
Scrolls
 h - 7 scrolls of remove curse {unknown}
 j - 5 scrolls of fog {unknown}
 l - 4 scrolls of teleportation {unknown}
 m - a scroll of blinking {unknown}
 n - 2 scrolls of immolation {unknown}
 p - a scroll of amnesia {unknown}
 r - 2 scrolls of magic mapping {unknown}
 v - 4 scrolls of identify {unknown}
 y - a scroll of enchant weapon {unknown}
Potions
 e - 2 potions of haste
 g - a potion of invisibility {unknown}
 i - a potion of heal wounds {unknown}
 k - a potion of resistance {unknown}
 s - a potion of mutation {unknown}
 t - a potion of ambrosia {unknown}
 x - a potion of flight {unknown}
Comestibles
 f - 5 rations
 A - 13 chunks of flesh {@w0}


   Skills:
 + Level 4.4 Fighting
 * Level 5.9 Polearms
 - Level 2.1 Throwing
 - Level 2.2 Dodging


You had 5 spell levels left.
You didn't know any spells.
Your spell library was empty.

Dungeon Overview and Level Annotations

Branches:
Dungeon (4/15)
 Temple: D:4-7

Altars:
Elyvilon

Shops:
D:4 %

Annotations:
D:3 1 runed door


Innate Abilities, Weirdness & Mutations

You have hooves in place of feet.
Armour fits poorly on your strangely shaped body.
You cover ground very quickly.
You have extremely tough skin. (AC +3)


Message History

The orc wizard seems to speed up.
There is a stone staircase leading down here.
The orc wizard looks encouraged for a moment.
The orc priest invokes the aid of Beogh against you.
Pain shoots through your body!
The orc priest looks braver for a moment.
You take 12 damage, and have 41/53 hp.
MASSIVE DAMAGE!!
Attack whom?
Aim: an orc priest, wearing a +0 scale mail You reach to attack!
You puncture the orc priest!
The orc wizard gestures wildly while chanting.
The orc wizard flickers and vanishes!
Deactivating autopickup; reactivate with Ctrl-A.
You puncture the orc priest! The orc priest hits you.
You take 5 damage, and have 36/53 hp.
You closely miss the orc priest.
You kick the orc priest, but do no damage.
The orc priest calls upon Beogh to heal the orc priest.
The orc priest is healed somewhat.
Attack whom?
Aim: an orc priest, wearing a +0 scale mail (severely wounded)
Something you can't see is in the way.
You closely miss something.
A black bear comes into view.
Attack whom?
Aim: an orc priest, wearing a +0 scale mail (severely wounded)
You reach to attack!
The black bear growls angrily.
You hit the orc priest.
You hear some strange, mumbled words.
A magic dart appears from out of thin air!
The magic dart hits you! Something hits you but does no damage.
You are poisoned.
The orc priest begins to cast a cantrip, but forgets the words!
Unknown command.
Attack whom?
Aim: an orc priest, wearing a +0 scale mail (severely wounded)
Something you can't see is in the way.
You closely miss something.
You feel sick. Something hits you but does no damage.
You are more poisoned.
The orc priest calls down the wrath of Beogh upon you.
Beogh smites you!
You take 10 damage, and have 26/53 hp.
Attack whom?
Aim: an orc priest, wearing a +0 scale mail (severely wounded)
You reach to attack!
You hit the orc priest but do no damage.
You feel sick. Something hits you but does no damage.
You are more poisoned.
Something hits you but does no damage.
You take 1 damage, and have 25/53 hp.
You feel sick.
You take 1 damage, and have 24/53 hp.
You feel sick.
The orc priest looks encouraged for a moment.
You take 1 damage, and have 23/53 hp.
You feel sick.
You take 1 damage, and have 22/53 hp.
You feel sick.
You take 1 damage, and have 21/53 hp.
You feel sick.
You take 1 damage, and have 20/53 hp.
You feel sick.
You take 1 damage, and have 20/53 hp.
You feel sick.
You take 1 damage, and have 19/53 hp.
You feel sick.
You take 1 damage, and have 18/53 hp.
You feel sick.
You take 1 damage, and have 17/53 hp.
You feel sick.
You take 1 damage, and have 16/53 hp.
You feel sick.
You take 1 damage, and have 15/53 hp.
You feel sick.
You take 1 damage, and have 15/53 hp.
You feel sick.
You take 1 damage, and have 14/53 hp.
Something hits you but does no damage.
You are more poisoned.
Things that are here:
a +0 giant spiked club; an ogre skeleton You feel sick.
You take 1 damage, and have 13/53 hp.
You feel sick.
You take 1 damage, and have 12/53 hp.
You feel sick.
You feel sick.
You take 1 damage, and have 11/53 hp.
You feel sick.
You take 1 damage, and have 10/53 hp.
You feel sick.
You take 1 damage, and have 9/53 hp.
You feel sick.
You take 1 damage, and have 9/53 hp.
It was a potion of haste.
You feel yourself speed up.
You feel sick.
You take 1 damage, and have 8/53 hp.
A magic dart appears from out of thin air!
The magic dart hits you!
You die...

.##########.# #.###...#.#
............###.......#.#
.##########...........#.# .#
#...........#.#..#.# .#
#.....#..#..#.#..#.#
.#####.....#..#..#.####.#
...........+..#.[#......# #####
..####.....####..#[.#########.o..
................@...........#.###
#.##########.#####..#.#####.#.#
..# #.# ####.#####.#.###
############)# #.##....#....
..........##)########.##.####..##
#########.##.#........##)####..#.
#...)).#.#########.......#.
#.#.####.# #............#. #.#.#
#.# #.########.∩.#.


There were no monsters in sight!

Vanquished Creatures
  A hungry ghost (D:4)
  An ogre (D:4)
  A scorpion (D:4)
  An orc wizard (D:4)
  An iguana (D:4)
  A worker ant (D:4)
  5 adders
  An ooze (D:1)
  An adder skeleton (D:4)
  3 worms
  A dart slug (D:3)
  3 leopard geckos
  4 orcs (D:4)
  A ball python (D:3)
  3 bats
  3 giant cockroaches
  7 goblins
  8 hobgoblins
  4 kobolds
  A quokka (D:3)
  4 frilled lizards
  A jackal skeleton (D:4)
  6 rats
62 creatures vanquished.

Notes
Turn   | Place    | Note
-------+----------+-------------------------------------------
     0 | D:1      | Firecrotchwizard the Centaur Gladiator began the quest for
                  | the Orb.
     0 | D:1      | Reached XP level 1. HP: 17/17 MP: 1/1
   170 | D:1      | Reached skill level 3 in Polearms
   170 | D:1      | Reached XP level 2. HP: 24/24 MP: 2/2
   720 | D:2      | Reached XP level 3. HP: 30/30 MP: 3/3
  1002 | D:2      | Noticed an ice beast
  1966 | D:3      | Found a white marble altar of Elyvilon.
  1966 | D:3      | Found a runed door.
  1966 | D:3      | Noticed an angel
  1983 | D:3      | Reached skill level 4 in Polearms
  1983 | D:3      | Reached XP level 4. HP: 37/37 MP: 4/4
  2413 | D:3      | Reached skill level 3 in Fighting
  2599 | D:4      | HP: 9/38 [poisoned by a scorpion]
  2606 | D:3      | HP: 8/38 [poisoned by a scorpion]
  2614 | D:3      | HP: 7/38 [poisoned by a scorpion]
  3228 | D:4      | Reached XP level 5. HP: 22/45 MP: 5/5
  3241 | D:4      | HP: 11/45 [poisoned by a scorpion]
  3248 | D:4      | HP: 9/45 [poisoned by a scorpion]
  3255 | D:4      | HP: 8/45 [poisoned by a scorpion]
  3263 | D:4      | HP: 7/45 [poisoned by a scorpion]
  3610 | D:4      | Noticed a hungry ghost
  3626 | D:4      | Killed a hungry ghost
  3626 | D:4      | Reached skill level 4 in Fighting
  3626 | D:4      | Reached skill level 5 in Polearms
  3626 | D:4      | Reached XP level 6. HP: 50/52 MP: 6/6
  3863 | D:4      | Found Zeq Navodomo's Food Boutique.
  3955 | D:4      | HP: 13/53 [poisoned by an orc wizard]
  3960 | D:4      | HP: 11/53 [poisoned by an orc wizard]
  3967 | D:4      | HP: 9/53 [poisoned by an orc wizard]
  3971 | D:4      | Killed from afar by an orc wizard

Vault maps used:
D:1:      ncdulo_lavacross
D:2:      chequers_serial_rivers_small_a
D:3:      lemuel_angel_altar
D:4:      serial_shops, shop, first_ration, grunt_decor_arrowhead

Skill      XL: |  1  2  3  4  5 |
---------------+----------------+-----
Polearms       | 3 4 5 |  5.9
Fighting       | 3 4 |  4.4
Throwing       | |  2.1
Dodging        | |  2.2

Action                   |  1- 3 |  4- 6 || total
-------------------------+-------+-------++-------
Melee: Trident           |   129 |   115 ||   244
       Kick              |    14 |    19 ||    33
  Use: Potion            |       |     1 ||     1
  Eat: Chunk             |     2 |     6 ||     8
       Ration            |       |     1 ||     1
Armor: Leather armour    |    27 |    17 ||    44
       Ring mail         |       |    12 ||    12
Dodge: Dodged            |    39 |    29 ||    68

Table legend:
 A = Non-vault XP
 B = Vault XP
 C = Vault XP percentage of total XP
 D = Non-vault monster count
 E = Vault monster count
 F = Vault count percentage of total count
                 A         B        C        D         E       F
            +---------+---------+-------+---------+---------+-------
      Total |     651 |       0 |   0.0 |      62 |       0 |   0.0
            +---------+---------+-------+---------+---------+-------
        D:1 |      39 |       0 |   0.0 |      18 |       0 |   0.0
        D:2 |      32 |       0 |   0.0 |      12 |       0 |   0.0
        D:3 |      60 |       0 |   0.0 |      17 |       0 |   0.0
        D:4 |     520 |       0 |   0.0 |      15 |       0 |   0.0
            +---------+---------+-------+---------+---------+-------

Vault maps used:
D:1:      ncdulo_lavacross
D:2:      chequers_serial_rivers_small_a
D:3:      lemuel_angel_altar
D:4:      serial_shops, shop, first_ration, grunt_decor_arrowhead

Table legend:
 A = Turns spent in this place as a percentage of turns spent in the entire game.
 B = Non-inter-level travel turns spent in this place as a percentage of non-inter-level travel turns spent in the entire game.
 C = Inter-level travel turns spent in this place as a percentage of turns spent in this place.
 D = Turns resting spent in this place as a percentage of non-inter-level travel turns spent in this place.
 E = Turns spent auto-exploring this place as a percentage of non-inter-level travel turns spent in this place.
 F = Non-inter-level travel turns spent in this place divided by the number of levels of this place that you've seen.
                   A       B       C       D       E      F
               +-------+-------+-------+-------+-------+----------------------
         Total | 100.0 | 100.0 |   5.9 |  32.5 |  51.3 | 934.2
       Dungeon | 100.0 | 100.0 |   5.9 |  32.5 |  51.3 | 934.2
               +-------+-------+-------+-------+-------+----------------------

Table legend:
 A = Kills in this place as a percentage of kills in entire the game.
 B = Kills by you in this place as a percentage of kills by you in the entire game.
 C = Kills by friends in this place as a percentage of kills by friends in the entire game.
 D = Other kills in this place as a percentage of other kills in the entire game.
 E = Experience gained in this place as a percentage of experience gained in the entire game.
 F = Experience gained in this place divided by the number of levels of this place that you have seen.
                   A       B       C       D       E      F
               +-------+-------+-------+-------+-------+----------------------
         Total | 100.0 | 100.0 |   N/A |   N/A | 100.0 | 162.8
       Dungeon | 100.0 | 100.0 |   N/A |   N/A | 100.0 | 162.8
               +-------+-------+-------+-------+-------+----------------------
